 Dungeon Crawl Stone Soup version 0.31-a0-716-gc7603755dd (webtiles) character file.

Game seed: 4046514059111746504

6316 cbfl8 the Cleaver (level 10, -6/76 HPs)
             Began as a Demonspawn Berserker on Sept 10, 2023.
             Was an Elder of Trog.
             Succumbed to a red devil's poison
             ... while paralysed by a hornet
             ... on level 9 of the Dungeon.
             The game lasted 00:09:34 (8644 turns).

cbfl8 the Cleaver (Demonspawn Berserker)            Turns: 8644, Time: 00:09:35

Health: -6/76      AC: 16    Str: 18    XL:     10   Next: 64%
Magic:  1/10       EV:  2    Int:  9    God:    Trog [****..]
Gold:   596        SH:  0    Dex: 16    Spells: 9/9 levels left

rFire   . . .        b - +0 war axe (elec)
rCold   . . .        (no shield)
rNeg    . . .        B - +0 plate armour
rPois   .            l - +1 helmet {SInv}
rElec   .            (no cloak)
rCorr   .            (no gloves)
SInv    +            (no boots)
Will    .....        (no amulet) Stlth
                     h - ring of flight
HPRegen 0.32/turn    n - +5 ring of evasion
MPRegen 0.24/turn

%: guardian spirit
@: paralysed, mighty, agile, lethally poisoned (-6 -> -39), spiked, on berserk
cooldown, flying, slowed
A: claws 2, molten scales 1, powered by pain 1, magic shield, magic regeneration
a: Renounce Religion, Berserk, Trog's Hand, Brothers in Arms


You were on level 9 of the Dungeon.
You worshipped Trog.
Trog was greatly pleased with you.
You visited 1 branch of the dungeon, and saw 10 of its levels.

You collected 596 gold pieces.

Inventory:

Hand Weapons
 b - a +0 war axe of electrocution (weapon)
Armour
 l - a +1 helmet of see invisible (worn)
 B - a +0 plate armour (worn)
Jewellery
 h - a ring of flight (left claw)
 n - a +5 ring of evasion (right claw)
 r - a ring of resist corrosion
Talismans
 s - a flux talisman
 D - a serpent talisman
Wands
 k - a wand of charming (3)
 y - a wand of roots (14)
 C - a wand of mindburst (22) (quivered)
Scrolls
 g - a scroll of revelation
 j - 7 scrolls of teleportation
 p - a scroll of fog {unknown}
 q - 2 scrolls of silence {unknown}
 t - 2 scrolls of summoning
 u - a scroll of immolation {unknown}
 w - a scroll of poison
 x - 3 scrolls of amnesia {unknown}
 F - a scroll of blinking {unknown}
 G - a scroll of enchant armour {unknown}
Potions
 a - a potion of haste
 c - a potion of heal wounds
 d - 2 potions of invisibility
 e - 3 potions of curing
 i - 2 potions of enlightenment {unknown}
 m - 3 potions of lignification
 o - 3 potions of might {unknown}
 v - a potion of berserk rage {unknown}
 z - a potion of magic {unknown}
 A - a potion of cancellation {unknown}
 E - a potion of resistance {unknown}


   Skills:
 + Level 6.0 Fighting
 + Level 8.9 Axes
 + Level 5.6 Armour
 - Level 1.7 Dodging
 * Level 5.6 Shields
 + Level 0.4 Unarmed Combat
 * Level 6.2 Evocations
 * Level 4.8 Shapeshifting


You had 9 spell levels left.
You didn't know any spells.
Your spell library was empty.

Dungeon Overview and Level Annotations

Branches:
Dungeon (10/15)            Temple (0/1) D:5            Lair (0/5) D:9
    Orc: D:9-12

Altars:
Gozag
Hepliaklqana
Kikubaaqudgha
Nemelex Xobeh
Uskayaw
Xom
Yredelemnul

Shops:
D:9 =

Annotations:
D:9 3 runed translucent doors


Innate Abilities, Weirdness & Mutations

You have very sharp fingernails.
You are partially covered in molten scales. (AC +2)
You sometimes gain a little power by taking damage.
When hurt, damage is shared between your health and your magic reserves.
You regenerate magic rapidly.


Message History

You focus on the pain.
You feel very mighty all of a sudden.
The kobold demonologist begins to cast a cantrip, but forgets the words!
The orc warrior hits you with a +0 glaive.
The orc wizard points at you and mumbles some strange words.
The puff of flame hits you.
* * * LOW HITPOINT WARNING * * *
You barely miss the orc wizard. You miss the hornet.
You hit the orc warrior but do no damage.
Lightning courses through the orc warrior!
You feel very sick. The hornet barely misses you.
The red devil hits you but does no damage.
You are more poisoned.
The crimson imp laughs crazily.
Unknown command.
You slash the orc wizard!
Lightning courses through the orc wizard!
You kill the orc wizard!
Trog accepts your kill.
Trog appreciates your killing of a magic user.
You slash the orc warrior!
You kill the orc warrior!
Trog accepts your kill.
You slash the hornet!
You feel very sick. The hornet stings you.
* * * LOW HITPOINT WARNING * * *
You suddenly lose the ability to move!
The soul eater draws from the surrounding life force!
* * * LOW HITPOINT WARNING * * *
You focus on the pain.
You feel agile all of a sudden.
The red devil hits you from afar with a +2 trident of venom!
* * * LOW HITPOINT WARNING * * *
Barbed spikes become lodged in your body.
You are more poisoned.
You are no longer berserk.
You feel yourself slow down.
You die...

##......# #.#
#.)####..... #.# #)##
#.... #.# #.# #.# ....
#.# #.##### ####.# ...
#.# ......#+#....## ###.
#.# ..##..........#
+###.## #.#
..##........#####.'...# #
#.#
..##.......##.(y@###.##.#
#.#
...........#..35K#.#'#..#
#.#
...........#.?4.5#.....>#
#.#
..##......)#...[5#..###.#
#......
..##.......##...##..#
#......#.
.###........#####...###
#.######. ##
#..................# #
####.............#.#.##
................##.#.#


You could see a soul eater (summoned), a kobold demonologist, a hornet, a red
devil (summoned), a quasit (summoned) and 2 crimson imps.

Vanquished Creatures
  A boulder beetle (D:7)
  Pikel (D:4)
  Joseph (D:7)
  A komodo dragon (D:9)
  2 wyverns (D:8)
  2 steam dragons
  2 wraiths
  Eustachio (D:6)
  A yak (D:9)
  Duvessa (D:5)
  A water moccasin (D:5)
  2 ice beasts
  5 orc warriors
  3 black bears
  3 ogres
  A centaur (D:9)
  4 lemures
  A phantom (D:5)
  A kobold brigand (D:10)
  4 bullfrogs
  5 scorpions (D:5)
  Dowan (D:5)
  13 killer bees
  2 howler monkeys (D:7)
  2 hounds
  A sleepcap (D:7)
  An iguana (D:7)
  4 jellies
  3 orc priests (D:7)
  4 orc wizards
  12 gnolls
  8 adders
  A worm (D:2)
  2 dart slugs
  34 orcs
  3 bat zombies (D:7)
  4 endoplasms
  3 giant cockroaches
  3 goblins
  2 hobgoblins
  8 jackals
  5 quokkas
  8 ball pythons
  3 bats
  5 frilled lizards
  11 kobolds
  5 rats
191 creatures vanquished.

Vanquished Creatures (others)
  A quokka (D:9)
1 creature vanquished.

Grand Total: 192 creatures vanquished

Notes
Turn   | Place    | Note
-------+----------+-------------------------------------------
     0 | D:1      | cbfl8 the Demonspawn Berserker began the quest for the Orb.
     0 | D:1      | Reached XP level 1. HP: 18/18 MP: 1/1
   155 | D:1      | Gained mutation: You have sharp fingernails. [demonic
                  | ancestry]
   155 | D:1      | Reached XP level 2. HP: 24/24 MP: 2/2
   393 | D:1      | Found a faded altar of an unknown god.
   600 | D:2      | Found a hazy altar of Hepliaklqana.
   614 | D:2      | Reached skill level 3 in Axes
   614 | D:2      | Gained mutation: You are partially covered in molten
                  | scales. (AC +2) [demonic ancestry]
   614 | D:2      | Reached XP level 3. HP: 5/29 MP: 3/3
   792 | D:2      | Reached ** piety under Trog
   793 | D:2      | Reached skill level 1 in Shields
   858 | D:2      | Reached skill level 1 in Evocations
  1241 | D:2      | Gained mutation: You sometimes gain a little power by
                  | taking damage. [demonic ancestry]
  1241 | D:2      | Reached XP level 4. HP: 30/35 MP: 4/4
  2043 | D:4      | Noticed a lemure
  2045 | D:4      | Noticed Pikel
  2046 | D:4      | Reached XP level 5. HP: 41/41 MP: 5/5
  2105 | D:4      | Noticed a black bear
  2114 | D:4      | Killed a black bear
  2115 | D:4      | Reached skill level 1 in Shapeshifting
  2144 | D:4      | Noticed an orc warrior
  2154 | D:4      | Reached skill level 4 in Axes
  2154 | D:4      | Gained mutation: You regenerate magic rapidly. [demonic
                  | ancestry]
  2154 | D:4      | Reached XP level 6. HP: 41/48 MP: 6/6
  2156 | D:4      | Killed an orc warrior
  2156 | D:4      | Reached *** piety under Trog
  2451 | D:4      | Noticed an ice beast
  2457 | D:4      | Gained mutation: When hurt, damage is shared between your
                  | health and your magic reserves. [demonic ancestry]
  2457 | D:4      | Reached XP level 7. HP: 53/53 MP: 7/7
  2633 | D:4      | Killed Pikel
  2634 | D:4      | Reached skill level 5 in Axes
  2634 | D:4      | Reached XP level 8. HP: 50/60 MP: 3/8
  3025 | D:5      | Entered Level 5 of the Dungeon
  3124 | D:5      | Found a hide-covered altar of Uskayaw.
  3125 | D:5      | Found a sparkling altar of Nemelex Xobeh.
  3128 | D:5      | Reached skill level 6 in Axes
  3433 | D:5      | Found a staircase to the Ecumenical Temple.
  3752 | D:5      | Noticed Dowan
  3760 | D:5      | Noticed Duvessa
  3767 | D:5      | Killed Duvessa
  3773 | D:5      | Killed Dowan
  3774 | D:5      | Reached XP level 9. HP: 34/67 MP: 6/9
  4067 | D:5      | Found a basalt altar of Yredelemnul.
  4164 | D:6      | Noticed Eustachio
  4173 | D:6      | Killed Eustachio
  4247 | D:6      | Reached skill level 7 in Axes
  4420 | D:6      | Identified the +1 trident of Impermanence {heavy, MP+9}
  4715 | D:6      | Found an opulent altar of Gozag.
  4715 | D:6      | Found a shimmering altar of Xom.
  5058 | D:7      | Reached skill level 5 in Fighting
  5200 | D:7      | Reached **** piety under Trog
  5452 | D:7      | Noticed a boulder beetle
  5470 | D:7      | Killed a boulder beetle
  5471 | D:7      | Reached skill level 5 in Evocations
  5878 | D:7      | Noticed Joseph
  5893 | D:7      | Killed Joseph
  5894 | D:7      | Reached skill level 8 in Axes
  6399 | D:7      | Found an ancient bone altar of Kikubaaqudgha.
  6619 | D:8      | Gained mutation: You have very sharp fingernails. [demonic
                  | ancestry]
  6619 | D:8      | Reached XP level 10. HP: 68/74 MP: 10/10
  6697 | D:8      | Identified the +5 dagger of the Tundras {vamp, rElec rN+
                  | Int+3}
  6770 | D:8      | Reached skill level 5 in Shields
  6805 | D:8      | Reached skill level 5 in Armour
  7433 | D:8      | You are sucked into a shaft and drop 2 floors!
  7433 | D:10     | Entered Level 10 of the Dungeon
  7633 | D:9      | Found a staircase to the Lair.
  8474 | D:9      | Found a runed translucent gate.
  8475 | D:9      | Found a runed translucent gate.
  8475 | D:9      | Noticed a manticore
  8475 | D:9      | Noticed a manticore
  8476 | D:9      | Found a runed translucent gate.
  8476 | D:9      | Noticed a manticore
  8476 | D:9      | Noticed a death yak
  8476 | D:9      | Noticed a manticore
  8477 | D:9      | Noticed a manticore
  8481 | D:9      | Found Odoplewnyg's Jewellery Shop.
  8636 | D:9      | Noticed a soul eater
  8643 | D:9      | Paralysed by a hornet for 3 turns
  8643 | D:9      | HP: 3/114 [red devil/+2 trident of venom[a kobold
                  | demonologist] (8)]
  8644 | D:9      | Succumbed to a red devil's poison

Illustrated notes

Levels and vault maps discovered:
D:1:      sevenhm_arrival_forest_fort_large_4, layout_basic,
          ebering_ecumenical_altar_sacrificial
D:2:      layout_basic, basic_altar
D:3:      layout_loops_ring
D:4:      layout_cave_pools, uniq_pikel
D:5:      layout_loops_cross, marbit_many_paths,
          gammafunk_temple_overflow_statue, minmay_temple_entry_mini_moons,
          uniq_duvessa
D:6:      layout_loops_cross, gammafunk_temple_overflow_elements, st_stairs_6,
          uniq_eustachio
D:7:      layout_basic, lemuel_zombie_altar_kikubaaqudgha,
          kennysheep_small_circle, uniq_joseph
D:8:      layout_loops_corners
D:9:      lemuel_bear_cage, layout_basic, elyvilon_altar_4, david_lair_shrubbed,
          serial_shops, nicolae_diamond_shop, minmay_joined_circles
D:10:     layout_loops_ring, zin_treasury, erik_orc_4, uniq_erica, uniq_lodul,
          uniq_grum, uniq_erolcha

Skill      XL: |  1  2  3  4  5  6  7  8  9 10 |
---------------+-------------------------------+-----
Armour         | 2 3 4 5 |  5.6
Axes           | 3 4 5 6 8 |  8.9
Shields        | 1 2 3 4 5 |  5.6
Evocations     | 1 2 3 4 5 6 |  6.2
Shapeshifting  | 1 2 3 4 |  4.8
Fighting       | 4 5 6 |  6.0
Dodging        | |  1.7
Unarmed Combat | |  0.4

Action                     |  1- 3 |  4- 6 |  7- 9 | 10-12 || total
---------------------------+-------+-------+-------+-------++-------
  Melee: Hand axe          |    67 |       |       |       ||    67
         War axe           |    31 |    70 |   238 |   149 ||   488
         Punch             |       |       |     6 |       ||     6
         Unarmed           |       |       |       |     8 ||     8
         Constrict         |       |       |       |     1 ||     1
 Invoke: Berserk           |       |     2 |     2 |     2 ||     6
  Evoke: Wand              |       |       |     3 |       ||     3
    Use: Potion            |       |     7 |       |     5 ||    12
         Scroll            |       |     3 |     4 |     3 ||    10
   Stab: Invisible         |       |     1 |       |       ||     1
 Armour: Animal skin       |    29 |       |       |       ||    29
         Ring mail         |    31 |    56 |    80 |       ||   167
         Skin              |       |    19 |       |    16 ||    35
         Plate armour      |       |       |    87 |   194 ||   281
  Dodge: Dodged            |    65 |    72 |   189 |   160 ||   486
         Form:             |       |       |       |     1 ||     1
         Anaconda          |       |       |       |     1 ||     1

Table legend: (Time is in decaauts)
 A = Elapsed time spent in this place.
 B = Non-inter-level travel time spent in this place.
 C = Inter-level travel time spent in this place.
 D = Time resting spent in this place.
 E = Time spent auto-exploring this place.
 F = Levels seen in this place.
 G = Mean time per level.
                   A        B        C        D        E       F      G
               +--------+--------+--------+--------+--------+-----+--------+
         Total |   8770 |   8552 |    218 |   2367 |   4715 |  10 |  877.0 |
       Dungeon |   8770 |   8552 |    218 |   2367 |   4715 |  10 |  877.0 |
               +--------+--------+--------+--------+--------+-----+--------+

Top non-repeatable levels by time:
     D:7: 1647 daAuts
     D:5: 1141 daAuts
     D:9: 1026 daAuts
     D:8: 910 daAuts
     D:2: 884 daAuts
     D:4: 868 daAuts
     D:6: 754 daAuts
     D:3: 744 daAuts
     D:1: 584 daAuts
    D:10: 209 daAuts
